 Dungeon Crawl Stone Soup version 0.20.0-15-g7f486f2 (webtiles) character file.

114 Kosschaser the Ducker (level 4, -8/34 HPs)
             Began as a Merfolk Gladiator on June 20, 2017.
             Killed by divine providence
             ... invoked by an orc priest
              (14 damage)
             ... on level 3 of the Dungeon.
             The game lasted 00:07:11 (1785 turns).

Kosschaser the Ducker (Merfolk Gladiator)           Turns: 1785, Time: 00:07:11

Health: -8/34      AC:  4    Str: 14    XL:     4   Next: 97%
Magic:  4/4        EV: 15    Int:  7    God:
Gold:   109        SH:  0    Dex: 16    Spells: 3/3 levels left

rFire    . . .     SeeInvis .   a - +0 long sword
rCold    . . .     Gourm    .   (no shield)
rNeg     . . .     Faith    .   s - +0 leather armour (curse)
rPois    .         Spirit   .   c - +0 helmet
rElec    .         Reflect  .   (no cloak)
rCorr    .         Harm     .   (no gloves)
MR       +....                  (no boots)
Stlth    +.........             (no amulet)
Regen    0.2/turn               r - ring of protection from magic
MPRegen  0.1/turn               (no ring)

@: very slightly contaminated
A: change form in water, swift swim, stealthy swim
a: no special abilities


You were on level 3 of the Dungeon.
You were not hungry.

You visited 1 branch of the dungeon, and saw 3 of its levels.

You collected 109 gold pieces.

Inventory:

Hand Weapons
 a - a +0 long sword (weapon)
Missiles
 d - 3 throwing nets (quivered)
Armour
 b - a +0 leather armour
 c - a +0 helmet (worn)
 s - a cursed +0 leather armour (worn)
Jewellery
 r - a ring of protection from magic (left hand)
Scrolls
 h - 2 scrolls of identify
 j - a scroll of teleportation {unknown}
 l - 2 scrolls of magic mapping
 p - a scroll of remove curse {unknown}
 t - a scroll of enchant armour {unknown}
Potions
 g - 3 potions of haste {unknown}
 k - a potion of agility {unknown}
 n - a potion of invisibility {unknown}
 o - a potion of magic {unknown}
 q - 2 potions of lignification {unknown}
Comestibles
 f - a bread ration
 m - 3 meat rations
 u - a royal jelly


   Skills:
 + Level 2.5 Fighting
 + Level 4.7 Long Blades
 - Level 2.0 Throwing
 + Level 0.9 Armour
 * Level 5.2 Dodging
 + Level 0.2 Stealth


You had 3 spell levels left.
You didn't know any spells.

Dungeon Overview and Level Annotations

Branches:
Dungeon (3/15)

Altars:


Message History

* * * LOW HITPOINT WARNING * * *
The orc barely misses you.
You riposte.
You slash the orc!
You kill the orc!
The orc closely misses you.
As you read the scroll labeled KIGGAF DALUC, it crumbles to dust.
It is a scroll of amnesia.
You feel forgetful for a moment. The jackal bites you.
* * * LOW HITPOINT WARNING * * *
The orc closely misses you.
Blink to where?
Press: ? - help, Dir - move target cursor You are very lightly contaminated with residual magic.
As you read the scroll labeled HIEBBOCSITZ, it crumbles to dust.
It was a scroll of blinking.
The jackal closely misses you.
You open the door. The jackal completely misses you.
The jackal barely misses you.
There is an open door here.
The orc priest invokes the aid of Beogh against you.
Beogh smites you!
You die...

######## #......#
#######......# ########
#....÷.......# #......#
#.#..........# #......#
#......<...# #......#
#####..........####o.....#
###
+.(...........@h.oo......+
..#
#.##...........####o.....#
#.# #†#[...........#
#.)....# #.#
###.#..#.........# #o.....#
#.# .......#...[.....#
#o.....# #.#
..#.#..##+##+########......#
#.# ..+.#.#......#
#......#########.#
..#.#.###.######......#
##.....# ..#.#.#
#.###..+......# #.......


You could see 2 orc priests, 2 orcs and a jackal.

Vanquished Creatures
  A gnoll (D:2)
  4 adders
  3 worms (D:2)
  5 dart slugs
  2 leopard geckos (D:3)
  An orc (D:3)
  A giant cockroach (D:2)
  4 goblins (D:2)
  4 hobgoblins
  3 jackals
  2 quokkas (D:2)
  3 ball pythons (D:2)
  4 bats
  4 frilled lizards
  5 kobolds
  5 rats
51 creatures vanquished.

Notes
Turn   | Place    | Note
-------+----------+-------------------------------------------
     0 | D:1      | Kosschaser the Merfolk Gladiator began the quest for the Orb.
     0 | D:1      | Reached XP level 1. HP: 16/16 MP: 1/1
   123 | D:1      | Reached XP level 2. HP: 22/22 MP: 2/2
   637 | D:2      | Reached XP level 3. HP: 16/27 MP: 3/3
   956 | D:2      | Reached XP level 4. HP: 30/34 MP: 4/4
  1413 | D:2      | Reached skill level 5 in Dodging
  1785 | D:3      | Killed from afar by an orc priest

Skill      XL: |  1  2  3  4 |
---------------+-------------+-----
Long Blades    | 4 |  4.7
Dodging        | 5 |  5.2
Fighting       | |  2.5
Throwing       | |  2.0
Armour         | |  0.9
Stealth        | |  0.2

Action                   |  1- 3 |  4- 6 || total
-------------------------+-------+-------++-------
Melee: Long sword        |    56 |    73 ||   129
  Use: Scroll            |       |     3 ||     3
 Stab: Sleeping          |     1 |       ||     1
  Eat: Chunk             |       |     3 ||     3
Armor: Leather armour    |    11 |    24 ||    35
Dodge: Dodged            |    41 |    80 ||   121
       Rpst.: Long sword |    19 |    15 ||    34
